[Event "ICCopen2017"]
[Site "Internet Chess Club"]
[Date "2017.03.25"]
[Round "4"]
[White "marianzaim"]
[Black "Fighterman"]
[Result "0-1"]
[ICCResult "White forfeits on time"]
[WhiteElo "1908"]
[BlackElo "2468"]
[Opening "English opening"]
[ECO "A20"]
[NIC "EO.24"]
[Time "14:40:55"]
[TimeControl "180+0"]

1. c4 e5 2. g3 Nf6 3. Bg2 Nc6 4. Nc3 Bb4 5. e3 Bxc3 6. bxc3 O-O 7. Ne2 e4 8.
d4 exd3 9. Qxd3 Ne5 10. Qd4 d6 11. c5 Bh3 12. O-O Bxg2 13. Kxg2 Nc6 14. Qd3
dxc5 15. Qf5 b6 16. c4 Ne7 17. Qc2 Qd7 18. Rd1 Qc6+ 19. f3 Rad8 20. Bb2 Ng4
21. Qc3 Nf5 22. Rxd8 Ngxe3+ 23. Kf2 Rxd8 24. g4 Qd6 25. gxf5 Qxh2+ 26. Ke1
Qh4+ 27. Ng3 Qxg3+ 28. Ke2 Nxf5 29. Rf1 Qg2+ 30. Rf2 Re8+ 31. Qe5 Rxe5+ 32.
Bxe5 Qg6 33. Bxc7 f6 34. Bf4 Nd4+ 35. Ke3 Qf5 36. Bb8 g5 37. Bxa7 Qf4+ 38.
Kd3 Nc6 39. Rd2 Qd4+ 40. Ke2 Qxc4+ 41. Ke1 Qc1+ 42. Ke2 Qc4+ 43. Kd1 Nxa7
44. Rd8+ Kf7 45. Rd7+ Ke6 46. Rxa7 Qd3+ 47. Kc1 Qc3+ 48. Kd1 Qd3+ 49. Kc1 c4
50. Ra6 Qc3+ {White forfeits on time} 0-1

[Event "ICCopen2017"]
[Site "Internet Chess Club"]
[Date "2017.03.25"]
[Round "4"]
[White "centralsquare"]
[Black "Ticktockman"]
[Result "1-0"]
[ICCResult "Black resigns"]
[WhiteElo "1445"]
[BlackElo "1076"]
[Opening "QGA: Schwartz defense"]
[ECO "D20"]
[NIC "QG.04"]
[Time "14:43:43"]
[TimeControl "180+0"]

1. d4 d5 2. c4 dxc4 3. e4 f5 4. Nc3 fxe4 5. Bxc4 Bf5 6. g4 Bg6 7. h4 Bf7 8.
d5 c6 9. Nxe4 Bxd5 10. Bxd5 Qxd5 11. Qxd5 cxd5 12. Ng5 e6 13. Nxe6 Bd6 14.
Nxg7+ Kf7 15. Nf5 Bc5 16. Nf3 Nf6 17. Ne5+ Ke6 18. f4 Ne4 19. Ng7+ Kd6 20.
Nf7+ Kc6 21. Nxh8 Nd7 22. Nf7 Bb4+ 23. Ke2 Ng3+ 24. Kf3 Nxh1 25. Be3 Bc5 26.
Bxc5 Nxc5 27. Rxh1 Rc8 28. Ne5+ Kb5 29. Rc1 Rc7 30. Ne6 Rc8 31. Nd4+ Kb4 32.
a3+ Ka5 33. b4+ Kb6 34. bxc5+ Rxc5 35. Nd7+ Kc7 36. Nxc5 b6 37. Nce6+ Kb7
38. f5 Ka6 39. f6 {Black resigns} 1-0

[Event "ICCopen2017"]
[Site "Internet Chess Club"]
[Date "2017.03.25"]
[Round "4"]
[White "chalimo77"]
[Black "Giantvin"]
[Result "1-0"]
[ICCResult "Black forfeits on time"]
[WhiteElo "1584"]
[BlackElo "1956"]
[Opening "QGD Slav: 4.e3"]
[ECO "D11"]
[NIC "QP.08"]
[Time "14:44:12"]
[TimeControl "180+0"]

1. d4 d5 2. Nf3 Nf6 3. c4 c6 4. e3 e6 5. cxd5 exd5 6. Nc3 Bg4 7. Be2 Bd6 8.
h3 Bh5 9. O-O O-O 10. Qc2 Bg6 11. Bd3 Bh5 12. Ne5 Bg6 13. Nxg6 hxg6 14. a3
a5 15. Qe2 Re8 16. Bd2 Nbd7 17. Rfc1 Nf8 18. Na4 Ne6 19. Nc5 Nxd4 20. Qd1
Bxc5 21. Rxc5 Ne6 22. Rcc1 Ng5 23. b4 axb4 24. Bxb4 Nge4 25. Be2 Qd7 26. Qd4
Qe6 27. Bc5 Nxc5 28. Qxc5 Ne4 29. Qc2 c5 30. Bf3 b6 31. Rab1 Rxa3 32. Bxe4
dxe4 33. Qc4 Qxc4 34. Rxc4 Re6 35. g4 f5 36. Kg2 Ra2 37. Kg3 Kf7 38. gxf5
gxf5 39. Kf4 Kf6 40. Rf1 g5+ 41. Kg3 Ke5 42. h4 f4+ 43. exf4+ gxf4+ 44. Kg4
Rg6+ 45. Kh5 Ra3 46. Re1 Rf6 47. Rcxe4+ Kd5 48. Re5+ Kc6 49. Re7 Rh3 50. Rg7
f3 51. Ree7 Rf4 52. Kg5 Rhxh4 53. Rg6+ {Black forfeits on time} 1-0

[Event "ICCopen2017"]
[Site "Internet Chess Club"]
[Date "2017.03.25"]
[Round "5"]
[White "Gruble"]
[Black "Rammstein"]
[Result "0-1"]
[ICCResult "White resigns"]
[WhiteElo "1717"]
[BlackElo "2078"]
[Opening "French: exchange variation"]
[ECO "C01"]
[NIC "FR.01"]
[Time "14:50:57"]
[TimeControl "180+0"]

1. e4 e6 2. d4 d5 3. exd5 exd5 4. Nc3 c6 5. Bf4 Ne7 6. Qd2 Ng6 7. Bg3 Be7 8.
O-O-O Bf5 9. f3 Nd7 10. Bf2 O-O 11. g4 Be6 12. Nge2 Re8 13. Nf4 Nxf4
{White resigns}
0-1

[Event "ICCopen2017"]
[Site "Internet Chess Club"]
[Date "2017.03.25"]
[Round "5"]
[White "Revolutions"]
[Black "Otje"]
[Result "1-0"]
[ICCResult "Black checkmated"]
[WhiteElo "1803"]
[BlackElo "1339"]
[Opening "French defense"]
[ECO "C01"]
[NIC "FR.01"]
[Time "14:51:52"]
[TimeControl "180+0"]

1. e4 e6 2. d4 b6 3. c4 Bb7 4. Nc3 Bb4 5. Bd3 Nf6 6. Bg5 O-O 7. Ne2 Re8 8.
O-O Bxc3 9. Nxc3 h6 10. Bh4 d6 11. e5 dxe5 12. dxe5 g5 13. exf6 gxh4 14.
Qg4+ Kh8 15. Qg7# {Black checkmated} 1-0

[Event "ICCopen2017"]
[Site "Internet Chess Club"]
[Date "2017.03.25"]
[Round "5"]
[White "kutittaja"]
[Black "DEHO"]
[Result "0-1"]
[ICCResult "White checkmated"]
[WhiteElo "1692"]
[BlackElo "2027"]
[Opening "English opening"]
[ECO "A22"]
[NIC "EO.10"]
[Time "14:50:42"]
[TimeControl "180+0"]

1. c4 e5 2. Nc3 Nf6 3. e4 Bb4 4. Nge2 c6 5. Qb3 Na6 6. a3 Nc5 7. Qc2 Bxc3 8.
Nxc3 O-O 9. d3 h6 10. b4 Ne6 11. g3 d5 12. Bg2 Nd4 13. Qb2 Be6 14. cxd5 cxd5
15. O-O Rc8 16. Bd2 Qd7 17. Rad1 Bh3 18. f4 exf4 19. Bxf4 Rxc3 20. Bxh3 Qxh3
21. Be5 Rc2 22. Ra1 Qg2# {White checkmated} 0-1

[Event "ICCopen2017"]
[Site "Internet Chess Club"]
[Date "2017.03.25"]
[Round "5"]
[White "primerpaso"]
[Black "Datwinnik"]
[Result "1-0"]
[ICCResult "Black resigns"]
[WhiteElo "1573"]
[BlackElo "1357"]
[Opening "English: Bremen system with ...g6"]
[ECO "A24"]
[NIC "EO.14"]
[Time "14:51:45"]
[TimeControl "180+0"]

1. c4 e5 2. Nc3 Nf6 3. g3 g6 4. Bg2 Bg7 5. e3 d6 6. Nge2 O-O 7. O-O Nc6 8.
b3 Be6 9. Nd5 Qd7 10. d4 Rae8 11. Nxf6+ Bxf6 12. d5 {Black resigns} 1-0

[Event "ICCopen2017"]
[Site "Internet Chess Club"]
[Date "2017.03.25"]
[Round "5"]
[White "Mephisto521"]
[Black "FGM21"]
[Result "0-1"]
[ICCResult "White resigns"]
[WhiteElo "1612"]
[BlackElo "1930"]
[Opening "King's Indian: Smyslov system"]
[ECO "E61"]
[NIC "KI.76"]
[Time "14:50:39"]
[TimeControl "180+0"]

1. d4 Nf6 2. c4 g6 3. Nc3 Bg7 4. Nf3 d6 5. Bg5 O-O 6. e3 h6 7. Bh4 c5 8. Be2
Nc6 9. d5 Ne5 10. Nxe5 dxe5 11. e4 Bd7 12. Bg3 Nh7 13. O-O a6 14. f4 Qc7 15.
fxe5 Bxe5 16. Bxe5 Qxe5 17. Bf3 b5 18. cxb5 axb5 19. a3 b4 20. axb4 cxb4 21.
Rxa8 Rxa8 22. Ne2 Qxb2 23. Nf4 Ra2 24. Nd3 Qd4+ 25. Kh1 Ng5 26. Qb3 Ra3 27.
Qxb4 Qxd3 28. Rd1 Nxf3 {White resigns} 0-1

[Event "ICCopen2017"]
[Site "Internet Chess Club"]
[Date "2017.03.25"]
[Round "5"]
[White "BeerMeUpScotty"]
[Black "rugsy"]
[Result "1-0"]
[ICCResult "Black resigns"]
[WhiteElo "1570"]
[BlackElo "1370"]
[Opening "Sicilian: Nimzovich-Rubinstein variation"]
[ECO "B29"]
[NIC "SI.43"]
[Time "14:50:39"]
[TimeControl "180+0"]

1. e4 c5 2. Nf3 Nf6 3. Nc3 Nc6 4. d4 d5 5. e5 cxd4 6. Nxd4 Nxe5 7. Bb5+ Bd7
8. Bxd7+ Qxd7 9. O-O e6 10. Re1 Nc6 11. Nf3 Bb4 12. Bd2 O-O 13. Qe2 Rac8 14.
a3 Bd6 15. Rad1 a6 16. Bg5 Qd8 17. Nd4 Nxd4 18. Rxd4 Qc7 19. g3 Ne8 20. Red1
Kh8 21. Qh5 g6 22. Qh6 Ng7 23. Bf6 Rg8 24. Rh4 {Black resigns} 1-0

[Event "ICCopen2017"]
[Site "Internet Chess Club"]
[Date "2017.03.25"]
[Round "5"]
[White "zandoli"]
[Black "Kolossi"]
[Result "1-0"]
[ICCResult "Black checkmated"]
[WhiteElo "1937"]
[BlackElo "1613"]
[Opening "Queen's pawn game"]
[ECO "A46"]
[NIC "QP.06"]
[Time "14:51:20"]
[TimeControl "180+0"]

1. d4 Nf6 2. Nf3 e6 3. g3 d5 4. Bg2 c6 5. O-O Be7 6. Nbd2 O-O 7. c4 dxc4 8.
Nxc4 Nbd7 9. a3 Nb6 10. Nce5 Nbd5 11. Qc2 Bd7 12. e4 Nb6 13. a4 Rc8 14. a5
Na8 15. Rd1 Qc7 16. Bf4 Bd6 17. Bg5 Ne8 18. Nxd7 Qxd7 19. e5 Be7 20. a6 b6
21. h4 Nec7 22. Bxe7 Qxe7 23. Ng5 Nd5 24. Qxh7# {Black checkmated} 1-0

[Event "ICCopen2017"]
[Site "Internet Chess Club"]
[Date "2017.03.25"]
[Round "5"]
[White "trucker"]
[Black "yachikoham"]
[Result "1-0"]
[ICCResult "Black resigns"]
[WhiteElo "1515"]
[BlackElo "1331"]
[Opening "Robatsch (modern) defense"]
[ECO "B06"]
[NIC "KF.05"]
[Time "14:50:37"]
[TimeControl "180+0"]

1. e4 g6 2. d4 Bg7 3. Nf3 d6 4. Bc4 c5 5. dxc5 Qa5+ 6. c3 Qxc5 7. Qb3 e6 8.
Be3 Qc7 9. Nbd2 Nc6 10. O-O Na5 11. Qa4+ Bd7 12. Bb5 Nc6 13. Rad1 Nf6 14.
Rfe1 O-O 15. Qc2 a6 16. Ba4 Nb4 17. cxb4 {Black resigns} 1-0

[Event "ICCopen2017"]
[Site "Internet Chess Club"]
[Date "2017.03.25"]
[Round "5"]
[White "joppie"]
[Black "eltigrecu"]
[Result "0-1"]
[ICCResult "White resigns"]
[WhiteElo "1619"]
[BlackElo "1897"]
[Opening "QGD Slav defense"]
[ECO "D13"]
[NIC "SL.01"]
[Time "14:50:39"]
[TimeControl "180+0"]

1. d4 d5 2. c4 c6 3. Nc3 Nf6 4. cxd5 cxd5 5. Nf3 Nc6 6. Bg5 Bf5 7. e3 e6 8.
Be2 Bd6 9. O-O a6 10. a3 O-O 11. b4 Rc8 12. Rc1 h6 13. Bh4 g5 14. Bg3 Ne4
15. Bxd6 Qxd6 16. Na4 Ne7 17. Nc5 b6 18. Nxa6 Ra8 19. Qb3 Bg4 20. h3 Bxf3
21. Bxf3 Rxa6 22. Bxe4 dxe4 23. Rc3 Rfa8 24. Qb2 Nd5 25. Rb3 b5 26. Rc1 Nb6
27. Rc5 Nc4 28. Qc3 Rxa3 29. Rxb5 Ra1+ {White resigns} 0-1

[Event "ICCopen2017"]
[Site "Internet Chess Club"]
[Date "2017.03.25"]
[Round "5"]
[White "livis"]
[Black "LeonieHelm"]
[Result "1-0"]
[ICCResult "Black resigns"]
[WhiteElo "1873"]
[BlackElo "1613"]
[Opening "Inverted Hungarian"]
[ECO "C44"]
[NIC "KP.10"]
[Time "14:51:14"]
[TimeControl "180+0"]

1. e4 e5 2. Nf3 Nc6 3. Be2 Nf6 4. d3 Be7 5. O-O O-O 6. c4 h6 7. Nc3 g5 8.
Nd5 Nxd5 9. cxd5 Nd4 10. Nxd4 exd4 11. h4 d6 12. hxg5 Bxg5 13. Bg4 Bxg4 14.
Qxg4 Kh8 15. f4 Bf6 16. Rf3 Rg8 17. Qh5 Kh7 18. Qxf7+ Rg7 19. Qh5 Qg8 20.
Qh3 Rg4 21. Bd2 Rh4 22. Qf5+ Qg6 23. Qxg6+ Kxg6 24. g3 Rg4 25. Kg2 h5 26.
Kh3 Rc8 27. Re1 c6 28. e5 dxe5 29. fxe5 Bg5 30. Bxg5 Kxg5 31. d6 c5 32. e6
c4 33. d7 Rd8 34. e7 {Black resigns} 1-0

[Event "ICCopen2017"]
[Site "Internet Chess Club"]
[Date "2017.03.25"]
[Round "5"]
[White "marcos610"]
[Black "Simba"]
[Result "1-0"]
[ICCResult "Black checkmated"]
[WhiteElo "1170"]
[BlackElo "1049"]
[Opening "Lengfellner system"]
[ECO "B07"]
[NIC "VO.17"]
[Time "14:52:14"]
[TimeControl "180+0"]

1. e4 d6 2. d4 e6 3. Nf3 Be7 4. Nc3 a6 5. Be3 c6 6. Bd3 b5 7. O-O Bb7 8. a3
Nf6 9. e5 Nd5 10. Nxd5 cxd5 11. exd6 Qxd6 12. Ne5 O-O 13. Bf4 Qd8 14. Qh5
Bf6 15. Qxh7# {Black checkmated} 1-0

[Event "ICCopen2017"]
[Site "Internet Chess Club"]
[Date "2017.03.25"]
[Round "5"]
[White "magnuswizard"]
[Black "muzy"]
[Result "1-0"]
[ICCResult "Black checkmated"]
[WhiteElo "1817"]
[BlackElo "1418"]
[Opening "Ruy Lopez: classical defense, 4.c3"]
[ECO "C64"]
[NIC "RL.01"]
[Time "14:50:34"]
[TimeControl "180+0"]

1. e4 e5 2. Nf3 Nc6 3. Bb5 Bc5 4. c3 a6 5. Ba4 b5 6. Bc2 d6 7. d4 exd4 8.
cxd4 Bb6 9. O-O Bg4 10. Be3 Bxf3 11. gxf3 Nf6 12. Kh1 g6 13. Nc3 O-O 14. Ne2
Nh5 15. Rg1 Qh4 16. Rg2 Ne7 17. Bb3 Kh8 18. Qd2 f5 19. Bg5 Qh3 20. Ng1 Qxf3
21. Nxf3 fxe4 22. Nh4 Nf5 23. Nxf5 Rxf5 24. Be6 Rf3 25. Bg4 Rf7 26. Bxh5
gxh5 27. Be3 Raf8 28. Rag1 a5 29. d5 Bxe3 30. Qxe3 Rf5 31. Qxe4 Re5 32. Qf4
h4 33. Qxf8# {Black checkmated} 1-0

[Event "ICCopen2017"]
[Site "Internet Chess Club"]
[Date "2017.03.25"]
[Round "5"]
[White "jps7"]
[Black "habishek"]
[Result "1-0"]
[ICCResult "Black checkmated"]
[WhiteElo "1485"]
[BlackElo "1049"]
[Opening "Queen's pawn game"]
[ECO "D02"]
[NIC "QP.08"]
[Time "14:50:50"]
[TimeControl "180+0"]

1. d4 d5 2. Nf3 e6 3. e3 Bd6 4. Bd3 Bd7 5. O-O Nf6 6. b3 Nc6 7. Bb2 O-O 8.
Nbd2 Re8 9. Ne5 Bxe5 10. dxe5 Ne4 11. Nxe4 dxe4 12. Bxe4 Qg5 13. f4 Qd8 14.
Qf3 Ne7 15. Bxb7 Rb8 16. Be4 Nf5 17. Bxf5 exf5 18. Rad1 g6 19. c4 Qe7 20.
Rd2 Red8 21. Rfd1 Be8 22. Qf2 Rxd2 23. Rxd2 Rd8 24. Rxd8 Qxd8 25. Qc2 Bc6
26. Bd4 a6 27. c5 Be4 28. Qc4 a5 29. c6 Qa8 30. e6 Qxc6 31. exf7+ Kf8 32.
Bc5+ Kg7 33. f8=Q# {Black checkmated} 1-0

[Event "ICCopen2017"]
[Site "Internet Chess Club"]
[Date "2017.03.25"]
[Round "5"]
[White "BMWHero"]
[Black "schakeri"]
[Result "1-0"]
[ICCResult "Black resigns"]
[WhiteElo "2055"]
[BlackElo "1789"]
[Opening "French: Tarrasch, closed variation, main line"]
[ECO "C06"]
[NIC "FR.17"]
[Time "14:50:50"]
[TimeControl "180+0"]

1. e4 e6 2. d4 d5 3. Nd2 Nf6 4. e5 Nfd7 5. Bd3 c5 6. c3 Nc6 7. Ne2 cxd4 8.
cxd4 Qb6 9. Nf3 f6 10. exf6 Nxf6 11. O-O Bd6 12. Bf4 Bxf4 13. Nxf4 Qxb2 14.
a4 Qb6 15. Bb5 Qc7 16. Ne5 O-O 17. Rc1 Ne4 18. Bxc6 bxc6 19. Rxc6 Qe7 20.
Qc1 Bd7 21. Rc7 Rad8 22. Nc6 Qd6 23. Nxd8 Rxf4 24. Nb7 Qf8 25. Rxd7 Rxf2 26.
Rd8 {Black resigns} 1-0

[Event "ICCopen2017"]
[Site "Internet Chess Club"]
[Date "2017.03.25"]
[Round "5"]
[White "bobbyforever"]
[Black "kaimann"]
[Result "0-1"]
[ICCResult "White checkmated"]
[WhiteElo "1537"]
[BlackElo "1874"]
[Opening "Alekhine's defense: exchange variation"]
[ECO "B02"]
[NIC "AL.08"]
[Time "14:51:39"]
[TimeControl "180+0"]

1. e4 Nf6 2. e5 Nd5 3. c4 Nb6 4. d4 d6 5. exd6 exd6 6. Nc3 Be7 7. Nf3 Bg4 8.
Be2 Nc6 9. d5 Bxf3 10. gxf3 Ne5 11. b3 Bf6 12. Bb2 O-O 13. f4 Ned7 14. Qc2
Re8 15. O-O-O Nc5 16. b4 Ne4 17. Bd3 Nxc3 18. Bxc3 Bxc3 19. Qxc3 Qh4 20.
Rhg1 Qxf4+ 21. Kb1 g6 22. Bc2 Qxc4 23. Qf6 Re2 24. Rg2 Qxc2+ 25. Ka1 Qxd1#
{White checkmated}
0-1

[Event "ICCopen2017"]
[Site "Internet Chess Club"]
[Date "2017.03.25"]
[Round "5"]
[White "shally"]
[Black "charlestehace"]
[Result "0-1"]
[ICCResult "White resigns"]
[WhiteElo "1905"]
[BlackElo "3085"]
[Opening "Nimzovich-Larsen attack: Indian variation"]
[ECO "A01"]
[NIC "VO.08"]
[Time "14:51:53"]
[TimeControl "180+0"]

1. b3 Nf6 2. Bb2 e6 3. f4 d5 4. Nf3 c5 5. e3 g6 6. Be2 Bg7 7. O-O O-O 8. h3
Nc6 9. Bb5 Bd7 10. Bxc6 Bxc6 11. Qe2 b6 12. d3 Rc8 13. Nbd2 Bb7 14. Rab1 b5
15. Kh2 Qc7 16. c4 a6 17. Be5 Qa5 18. Ra1 Rfd8 19. Rfd1 Rd7 20. g4 Rcd8 21.
g5 Ne8 22. Bxg7 Nxg7 23. e4 dxc4 24. dxc4 Nh5 25. f5 exf5 26. Ne5 Rxd2 27.
Rxd2 Rxd2 28. Re1 Qxa2 {White resigns} 0-1

[Event "ICCopen2017"]
[Site "Internet Chess Club"]
[Date "2017.03.25"]
[Round "5"]
[White "WhiteMoon"]
[Black "PerMag"]
[Result "1-0"]
[ICCResult "Black resigns"]
[WhiteElo "2013"]
[BlackElo "1695"]
[Opening "Sicilian: closed"]
[ECO "B23"]
[NIC "SI.44"]
[Time "14:51:24"]
[TimeControl "180+0"]

1. e4 c5 2. Nc3 e6 3. Nf3 Nc6 4. Bb5 a6 5. Bxc6 bxc6 6. e5 d5 7. exd6 Bxd6
8. O-O Nf6 9. d3 O-O 10. Bg5 Be7 11. Re1 h6 12. Bh4 a5 13. b3 Re8 14. Qe2
Nd5 15. Bxe7 Qxe7 16. Ne4 Nf6 17. Ng3 Ba6 18. Qe5 Nd7 19. Qh5 Nf6 20. Qh4
Nd5 21. Qxe7 Rxe7 22. Ne4 c4 23. dxc4 Nc7 24. Rad1 e5 25. Rd6 Bb7 26. Nc5
Bc8 27. Rxe5 Rxe5 28. Nxe5 Ne6 29. Nxe6 Bxe6 30. Nxc6 a4 31. h3 Kh7 32. Nd4
axb3 33. axb3 Ra2 34. Nxe6 fxe6 35. Rd2 Rxc2 36. Rxc2 {Black resigns} 1-0

[Event "ICCopen2017"]
[Site "Internet Chess Club"]
[Date "2017.03.25"]
[Round "5"]
[White "Brothersinarms"]
[Black "GulkovIgor"]
[Result "0-1"]
[ICCResult "White resigns"]
[WhiteElo "1835"]
[BlackElo "2375"]
[Opening "Sicilian: wing gambit"]
[ECO "B20"]
[NIC "SI.48"]
[Time "14:52:15"]
[TimeControl "180+0"]

1. e4 c5 2. b4 cxb4 3. d4 d5 4. exd5 Nf6 5. Nf3 Nxd5 6. Bc4 Nc6 7. O-O Bg4
8. Qd3 e6 9. Re1 Be7 10. a3 O-O 11. h3 Bxf3 12. gxf3 Bf6 13. Bb2 Qb6 14. Re4
Rad8 15. Nd2 Nc3 16. Bxc3 bxc3 17. Qxc3 Nxd4 18. Rg4 Ne2+ {White resigns}
0-1

[Event "ICCopen2017"]
[Site "Internet Chess Club"]
[Date "2017.03.25"]
[Round "5"]
[White "Nos"]
[Black "fearlessone"]
[Result "1-0"]
[ICCResult "Black resigns"]
[WhiteElo "2158"]
[BlackElo "1680"]
[Opening "King's pawn opening"]
[ECO "B07"]
[NIC "VO.17"]
[Time "14:51:16"]
[TimeControl "180+0"]

1. e4 d6 2. d4 Nd7 3. Nc3 e6 4. Be3 Ne7 5. Qd2 g6 6. O-O-O Bg7 7. f4 b6 8.
g4 Bb7 9. h4 Nf6 10. Qg2 Nxe4 11. Nxe4 O-O 12. Nf6+ Bxf6 13. Qxb7 Nd5 14.
Bf2 Nxf4 15. Qf3 e5 16. Kb1 Bg7 17. dxe5 Bxe5 18. Bd4 Bxd4 19. Rxd4 Qe7 20.
Rd1 Ne6 21. Bd3 Rae8 22. Ne2 Nc5 23. Nf4 Qe3 24. Qxe3 Rxe3 25. Nd5 Rg3 26.
h5 Nxd3 27. Rxd3 c6 28. Ne7+ Kg7 29. Rxg3 Re8 30. Nxc6 g5 31. h6+ Kg6 32. a3
Rc8 33. Ne7+ {Black resigns} 1-0

[Event "ICCopen2017"]
[Site "Internet Chess Club"]
[Date "2017.03.25"]
[Round "5"]
[White "Knight-Rookie"]
[Black "ROWLAND"]
[Result "0-1"]
[ICCResult "White checkmated"]
[WhiteElo "1226"]
[BlackElo "1487"]
[Opening "Philidor's defense"]
[ECO "C41"]
[NIC "KP.10"]
[Time "14:52:14"]
[TimeControl "180+0"]

1. e4 e5 2. Nf3 d6 3. Nc3 Nf6 4. Bb5+ c6 5. Ba4 Nbd7 6. O-O b5 7. Bb3 b4 8.
Ne2 Nxe4 9. d4 Be7 10. dxe5 dxe5 11. Qd3 Ndc5 12. Qc4 O-O 13. Nxe5 Nxb3 14.
axb3 Nd6 15. Qxc6 Bb7 16. Qc5 Ne4 17. Qe3 Bc5 18. Qf4 Nxf2 19. Rxf2 Qd1#
{White checkmated}
0-1

[Event "ICCopen2017"]
[Site "Internet Chess Club"]
[Date "2017.03.25"]
[Round "5"]
[White "xionoula"]
[Black "Hacker21"]
[Result "0-1"]
[ICCResult "White resigns"]
[WhiteElo "1803"]
[BlackElo "1809"]
[Opening "Queen's pawn: London system"]
[ECO "A45"]
[NIC "QP.07"]
[Time "14:51:24"]
[TimeControl "180+0"]

1. d4 Nf6 2. Bf4 g6 3. e3 Bg7 4. Nf3 d6 5. Be2 O-O 6. O-O b6 7. c4 Ne4 8.
Nbd2 Nxd2 9. Nxd2 Bb7 10. Bf3 Qc8 11. Bxb7 Qxb7 12. Qf3 Qxf3 13. Nxf3 a5 14.
h3 Nd7 15. Rac1 Rfe8 16. Bh2 e5 17. Rfd1 exd4 18. Nxd4 Nc5 19. b3 h5 20. Nb5
Re7 21. Rd2 Ne4 22. Rdd1 a4 23. b4 a3 24. f3 Ng5 25. Rd3 Ra4 26. Rxa3 Rxa3
27. Nxa3 Bb2 28. Rc2 Bxa3 29. e4 Bxb4 {White resigns} 0-1

[Event "ICCopen2017"]
[Site "Internet Chess Club"]
[Date "2017.03.25"]
[Round "5"]
[White "bumbleball"]
[Black "wagnerbi"]
[Result "0-1"]
[ICCResult "White resigns"]
[WhiteElo "1653"]
[BlackElo "1998"]
[Opening "Queen's pawn: London system"]
[ECO "A45"]
[NIC "QP.07"]
[Time "14:51:16"]
[TimeControl "180+0"]

1. d4 Nf6 2. Bf4 e6 3. e3 b6 4. c4 Bb7 5. Nc3 d6 6. Nf3 Nbd7 7. h3 Be7 8.
Bd3 c5 9. O-O h6 10. Qe2 g5 11. Bh2 Rg8 12. dxc5 Nxc5 13. Bc2 g4 14. hxg4
Nxg4 15. Bg3 h5 16. Nd4 h4 17. Bh2 Nxh2 18. Kxh2 Rxg2+ 19. Kh3 e5 20. Nf5
Rg5 21. Nd5 Bxd5 22. cxd5 e4 23. Nd4 Qd7+ 24. Kh2 O-O-O 25. b4 Bf6 26. bxc5
Be5+ 27. f4 exf3+ {White resigns} 0-1

[Event "ICCopen2017"]
[Site "Internet Chess Club"]
[Date "2017.03.25"]
[Round "5"]
[White "Zelos"]
[Black "Maxbet"]
[Result "0-1"]
[ICCResult "White resigns"]
[WhiteElo "2435"]
[BlackElo "2859"]
[Opening "Ruy Lopez: closed defense"]
[ECO "C84"]
[NIC "RL.13"]
[Time "14:51:02"]
[TimeControl "180+0"]

1. e4 e5 2. Nf3 Nc6 3. Bb5 a6 4. Ba4 Nf6 5. O-O Be7 6. d3 d6 7. c3 O-O 8.
Re1 Re8 9. Nbd2 Bf8 10. h3 b5 11. Bc2 h6 12. Nf1 d5 13. exd5 Qxd5 14. a4 Rb8
15. Ng3 Qd6 16. Qe2 b4 17. Ne4 Nxe4 18. dxe4 bxc3 19. bxc3 Na5 20. Ba3 Qc6
21. Bxf8 Kxf8 22. Bd3 Rb6 23. c4 Nb3 24. Rab1 Nc5 25. a5 Rxb1 26. Rxb1 f6
27. Bc2 Be6 28. Nd2 Rd8 29. Qe3 Kg8 30. Qc3 Bf7 31. f3 Ne6 32. Nf1 Nd4 33.
Ne3 Ne2+ {White resigns} 0-1

[Event "ICCopen2017"]
[Site "Internet Chess Club"]
[Date "2017.03.25"]
[Round "5"]
[White "JESSEJOSE"]
[Black "majerle"]
[Result "1-0"]
[ICCResult "Black resigns"]
[WhiteElo "1609"]
[BlackElo "1529"]
[Opening "Caro-Kann: classical, Spassky variation"]
[ECO "B19"]
[NIC "CK.12"]
[Time "14:50:52"]
[TimeControl "180+0"]

1. e4 c6 2. d4 d5 3. Nd2 dxe4 4. Nxe4 Bf5 5. Ng3 Bg6 6. h4 h6 7. Nf3 Nd7 8.
h5 Bh7 9. Bd3 Bxd3 10. Qxd3 Qc7 11. Bd2 Ngf6 12. O-O-O e6 13. Kb1 Bd6 14.
Ne4 Nxe4 15. Qxe4 Nf6 16. Qe2 O-O-O 17. c4 Kb8 18. Bc3 c5 19. d5 exd5 20.
Bxf6 gxf6 21. Rxd5 Rhe8 22. Qd2 Be5 23. Rd1 Kc8 24. Nxe5 fxe5 25. Qxh6 Rxd5
26. Rxd5 f5 27. Qg6 Qe7 28. Qxf5+ Kb8 29. f3 b6 30. h6 Rd8 31. Rxd8+ Qxd8
32. Qxe5+ Kc8 33. Qd5 Qf6 34. Qg8+ Kb7 35. Qg7+ {Black resigns} 1-0

[Event "ICCopen2017"]
[Site "Internet Chess Club"]
[Date "2017.03.25"]
[Round "5"]
[White "alejandrorios"]
[Black "Mandragora"]
[Result "1-0"]
[ICCResult "Black checkmated"]
[WhiteElo "1951"]
[BlackElo "1617"]
[Opening "Sicilian: Najdorf, Byrne (English) attack"]
[ECO "B90"]
[NIC "SI.14"]
[Time "14:50:44"]
[TimeControl "180+0"]

1. e4 c5 2. Nf3 d6 3. d4 cxd4 4. Nxd4 Nf6 5. Nc3 a6 6. Be3 Nc6 7. f3 Bd7 8.
Qd2 h6 9. O-O-O Rc8 10. g4 b5 11. h4 b4 12. Nd5 Nxd5 13. exd5 Nxd4 14. Bxd4
a5 15. Kb1 Qc7 16. Bd3 e5 17. dxe6 Bxe6 18. Rhe1 Kd8 19. Qe3 a4 20. Bb6 Be7
21. Ba6 Kd7 22. Bb5+ Qc6 23. Bxc6+ Rxc6 24. Bd4 Rhc8 25. Re2 b3 26. cxb3
axb3 27. axb3 Bxh4 28. Bxg7 Bg5 29. f4 Bxg4 30. fxg5 Bxe2 31. Qxe2 hxg5 32.
Qg4+ Kc7 33. Qxg5 Kb8 34. Qb5+ Ka7 35. Bd4+ Ka8 36. Qa5+ Kb7 37. Qa7#
{Black checkmated}
1-0

[Event "ICCopen2017"]
[Site "Internet Chess Club"]
[Date "2017.03.25"]
[Round "5"]
[White "oli2"]
[Black "Chaos23"]
[Result "1-0"]
[ICCResult "Black resigns"]
[WhiteElo "1654"]
[BlackElo "1881"]
[Opening "Sicilian: O'Kelly variation"]
[ECO "B28"]
[NIC "SI.43"]
[Time "14:51:06"]
[TimeControl "180+0"]

1. e4 c5 2. Nf3 a6 3. Nc3 b5 4. d4 cxd4 5. Nxd4 e6 6. Bd3 Bb7 7. O-O Bc5 8.
Nb3 Be7 9. Kh1 d6 10. f4 Nf6 11. Bd2 b4 12. Na4 Nxe4 13. Be3 Nd7 14. f5 O-O
15. fxe6 fxe6 16. Qg4 Ndf6 17. Qxe6+ Kh8 18. Nb6 Rb8 19. Na5 Nc5 20. Bxc5
dxc5 21. Nxb7 Rxb7 22. Nc4 Re8 23. Ne5 Bd6 24. Nf7+ Rxf7 25. Qxf7 Bb8 26.
Rae1 Rxe1 27. Rxe1 c4 28. Bxc4 h6 29. Bd3 Qd6 30. Re8+ Nxe8 31. Qxe8+
{Black resigns}
1-0

[Event "ICCopen2017"]
[Site "Internet Chess Club"]
[Date "2017.03.25"]
[Round "5"]
[White "playwaycool"]
[Black "chigato"]
[Result "1-0"]
[ICCResult "Black resigns"]
[WhiteElo "2236"]
[BlackElo "1718"]
[Opening "Queen's pawn game"]
[ECO "D02"]
[NIC "QP.08"]
[Time "14:51:58"]
[TimeControl "180+0"]

1. d4 d5 2. Nf3 Be6 3. e3 c6 4. Nbd2 f6 5. Bd3 Nd7 6. O-O Bf7 7. b3 e6 8.
Bb2 Bd6 9. e4 Bf4 10. c4 Ne7 11. exd5 exd5 12. Re1 O-O 13. Ba3 Re8 14. g3
Bh6 15. Nh4 Ng6 16. Rxe8+ Qxe8 17. Nf5 Qd8 18. Nxh6+ gxh6 19. Qh5 Kg7 20.
Re1 Ndf8 21. Nf3 Qd7 22. Nh4 Re8 23. Rxe8 Qxe8 24. Nf5+ Kh8 25. Qxh6 Ne6 26.
cxd5 cxd5 27. h4 Qg8 28. h5 Ng7 29. hxg6 Bxg6 30. g4 Ne6 31. Be7 Qf7 32. Bd6
Kg8 33. Qc1 h5 34. Nh6+ {Black resigns} 1-0